 Dungeon Crawl Stone Soup version 0.32-a0-86-g8db1b9f803 (webtiles) character file.

Game seed: 2431741590500520707

336 cforsyth the Ducker (level 6, -4/46 HPs)
             Began as a Djinni Warper on Feb 5, 2024.
             Slain by a gnoll
             ... wielding a +0 flail
             ... led by a gnoll bouda
              (12 damage)
             ... on level 4 of the Dungeon.
             The game lasted 00:03:24 (3941 turns).

cforsyth the Ducker (Djinni Warper)                 Turns: 3941, Time: 00:03:25

Health: -4/46      AC:  4    Str: 10    XL:     6   Next: 84%
Gold:   166        EV: 12    Int: 16    God:
                   SH:  0    Dex: 13

rFire   + + .        l - +1 dagger of Tesm {freeze, rElec}
rCold   x . .        (no shield)
rNeg    . . .        b - +0 leather armour
rPois   ∞            (no helmet)
rElec   +            (no cloak)
rCorr   .            s - +0 pair of gloves
SInv    .            (boots unavailable)
Will    .....        (no amulet)
Stlth   +            (no ring)
HPRegen 0.27/turn    (no ring)
MPRegen 0.00/turn

%: infuse magic (-5 HP)
@: weakened, flying, very slightly contaminated
A: sickness immunity, fire resistance 2, cold vulnerability 1, float, innate
caster, HP casting, extra vitality 1
a: no special abilities


You were on level 4 of the Dungeon.
You visited 1 branch of the dungeon, and saw 4 of its levels.

You collected 166 gold pieces.

Inventory:

Hand Weapons
 a - a +0 falchion
 l - the +1 dagger of Tesm (weapon) {freeze, rElec}
   (You found it on level 2 of the Dungeon)

   rElec:     It insulates you from electricity.
Missiles
 d - 5 darts of dispersal
 e - 14 poisoned darts
 g - 4 atropa-tipped darts
Armour
 b - a +0 leather armour (worn)
 s - a +0 pair of gloves (worn)
Wands
 y - a wand of polymorph (11)
Scrolls
 c - a scroll of blinking
 f - 5 scrolls of identify {unknown}
 h - a scroll of vulnerability {unknown}
 i - a scroll of immolation {unknown}
 j - a scroll of fear {unknown}
 k - a scroll of acquirement {unknown}
 m - 2 scrolls of silence {unknown}
 n - a scroll of enchant armour {unknown}
 o - 2 scrolls of enchant weapon {unknown}
 r - a scroll of noise {unknown}
 v - a scroll of amnesia {unknown}
 A - a scroll of teleportation {unknown}
Potions
 p - 4 potions of curing {unknown}
 q - a potion of heal wounds {unknown}
 t - a potion of degeneration {unknown}
 u - a potion of resistance {unknown}
 w - a potion of might {unknown}
 x - a potion of lignification {unknown}
 z - 2 potions of mutation {unknown}


   Skills:
 + Level 3.2 Fighting
 + Level 3.0 Long Blades
 + Level 2.2 Throwing
 + Level 2.7 Armour
 + Level 3.6 Dodging
 + Level 3.4 Spellcasting
 + Level 3.4 Conjurations
 + Level 3.4 Hexes
 + Level 3.4 Summonings
 + Level 3.4 Necromancy
 + Level 3.4 Translocations
 + Level 3.4 Fire Magic
 + Level 3.4 Ice Magic
 + Level 3.4 Air Magic
 + Level 3.4 Earth Magic
 + Level 3.4 Alchemy


You knew the following spells:

 Your Spells              Type           Power      Damage    Failure   Level
a - Blink                 Tloc           26%        N/A       9%          2
b - Lesser Beckoning      Tloc           26%        N/A       9%          2
c - Teleport Other        Tloc           13%        N/A       17%         3
d - Manifold Assault      Tloc           13%        N/A       50%         4
e - Vhi's Electric Charg  Tloc/Air       26%        N/A       50%         4
f - Shock                 Conj/Air       52%        1d6       6%          1
g - Momentum Strike       Conj/Tloc      26%        3d8       9%          2
Your spell library was empty.

Dungeon Overview and Level Annotations

Branches:
Dungeon (4/15)
 Temple: D:4-7

Altars:
Cheibriados
Uskayaw
Wu Jian
Xom

Shops:
D:4 *


Innate Abilities, Weirdness & Mutations

You are immune to sickness and miasma.
You are immune to poison.
Your flesh is very heat resistant. (rF++)
You are vulnerable to cold. (rC-)
You float through the air rather than walking.
You learn spells naturally, not from books.
Your magical power is your life essence.
You have superior vitality. (+4 MHP)


Message History

A nearby plant withers and dies.
The gnoll bouda gazes fiercely through you!
You feel your attacks grow feeble. The gnoll barely misses you.
You hear a shout!
You miscast Shock.
Nothing appears to happen.
The gnoll hits you from afar with a +0 spear.
The zap hits the gnoll.
The gnoll is almost dead.
The zap hits the gnoll bouda.
The gnoll bouda is heavily wounded.
The gnoll hits you from afar with a +0 spear.
The zap hits the gnoll.
You kill the gnoll!
The zap hits the gnoll bouda but does no damage.
The gnoll bouda is heavily wounded.
Your attacks no longer feel as feeble.
Your Long Blades skill increases to level 3!
The zap misses the gnoll bouda.
The gnoll bouda barks out a call to the hunt!
A gnoll comes into view. It is wielding a +0 flail.
You hear a shout!
The zap misses the gnoll bouda.
The zap misses the gnoll bouda.
The zap misses the gnoll.
The gnoll bouda barely misses you.
The zap hits the gnoll bouda.
The gnoll bouda is severely wounded.
The zap misses the gnoll.
The gnoll bouda gazes fiercely through you!
You feel your attacks grow feeble.
A gnoll comes into view. It is wielding a +0 halberd.
The gnoll bouda attacks as it pursues you!
The gnoll bouda hits you with a +0 whip.
The gnoll hits you with a +0 flail.
The gnoll bouda barks out a call to the hunt!
The gnoll picks up the pace!
The gnoll hits you from afar with a +0 halberd!
* * * LOW HITPOINT WARNING * * *
The gnoll hits you with a +0 flail!
You die...

..##.........##.#...#
####.........####...##.
#.........+ .......
#......)..####..#.#.P
#####'#.........>...P.
#.#........####...
#.#......gg').....
#.######..g##..... #.#
#.@.# ..P #.# #...# .
#.# ##.## ..# #.# #.#
#.# #.# #.# #.#


You could see a gnoll bouda and 2 gnolls.

Vanquished Creatures
  Blork the orc (D:4)
  A scorpion (D:4)
  A bombardier beetle (D:4)
  Jessica (D:2)
  A gnoll (D:4)
  5 adders
  A dart slug (D:1)
  2 ribbon worms
  4 orcs
  6 bats
  12 endoplasms
  4 giant cockroaches
  5 goblins
  6 hobgoblins
  13 jackals
  A quokka (D:2)
  8 ball pythons
  3 frilled lizards
  7 kobolds
  A rat (D:3)
83 creatures vanquished.

Notes
Turn   | Place    | Note
-------+----------+-------------------------------------------
     0 | D:1      | cforsyth the Djinni Warper began the quest for the Orb.
     0 | D:1      | cforsyth set off with the following spells memorised:
                  | Blink, Lesser Beckoning, Teleport Other, Manifold Assault,
                  | Vhi's Electric Charge.
     0 | D:1      | Reached XP level 1. HP: 18/18 MP: 0/0
    95 | D:1      | Reached XP level 2. HP: 18/23 MP: 0/0
   376 | D:1      | Reached skill level 1 in Throwing
   547 | D:1      | Reached XP level 3. HP: 26/28 MP: 0/0
   547 | D:1      | Learned a level 1 spell: Shock
  1239 | D:2      | Reached XP level 4. HP: 32/33 MP: 0/0
  1406 | D:2      | Identified the +1 dagger of Tesm {freeze, rElec}
  1610 | D:2      | Noticed Jessica
  1613 | D:2      | Killed Jessica
  2353 | D:3      | Found a snail-covered altar of Cheibriados.
  2550 | D:3      | Reached XP level 5. HP: 39/39 MP: 0/0
  2550 | D:3      | Learned a level 2 spell: Momentum Strike
  2815 | D:3      | Found an ornate altar of the Wu Jian Council.
  3187 | D:4      | Found a shimmering altar of Xom.
  3368 | D:4      | Reached XP level 6. HP: 36/45 MP: 0/0
  3597 | D:4      | Found Xoteroti's General Store.
  3644 | D:4      | Noticed a +0 dagger
  3644 | D:4      | Noticed a +0 dagger
  3645 | D:4      | Found a hide-covered altar of Uskayaw.
  3750 | D:4      | Noticed Blork the orc
  3797 | D:4      | Killed Blork the orc
  3941 | D:4      | Slain by a gnoll

Illustrated notes

Levels and vault maps discovered:
D:1:      amcnicky_arrival_single_pillar, layout_basic, serial_curves,
          eino_curves_03, eino_curves_04, eino_curves_04, corexii_corridor_pit,
          kennysheep_nondescript
D:2:      layout_loops_corners, grunt_decor_fettered, kennysheep_jessica_study
D:3:      layout_loops_corners, mainiacjoe_overflow_chevrons,
          mainiacjoe_overflow_small_starburst, hangedman_decor_clover_reticule,
          chequers_serial_rivers_micro_b
D:4:      layout_basic, dancing_weapons_uskayaw, mainiacjoe_overflow_catwalk,
          serial_shops, nicolae_shop_peninsula, nicolae_grassy_gnolls,
          uniq_blork_the_orc

Skill      XL: |  1  2  3  4  5  6 |
---------------+-------------------+-----
Spellcasting   | 3 |  3.4
Conjurations   | 3 |  3.4
Hexes          | 3 |  3.4
Summonings     | 3 |  3.4
Necromancy     | 3 |  3.4
Translocations | 3 |  3.4
Fire Magic     | 3 |  3.4
Ice Magic      | 3 |  3.4
Air Magic      | 3 |  3.4
Earth Magic    | 3 |  3.4
Alchemy        | 3 |  3.4
Long Blades    | 2 3 |  3.0
Throwing       | 1 2 |  2.2
Armour         | 2 |  2.7
Dodging        | 3 |  3.6
Fighting       | 3 |  3.2

Action                     |  1- 3 |  4- 6 || total
---------------------------+-------+-------++-------
  Melee: Falchion          |    45 |       ||    45
         Punch             |     3 |       ||     3
         Dagger            |       |     1 ||     1
  Throw: Dart              |     2 |       ||     2
   Cast: Shock             |    32 |   148 ||   180
         Momentum Strike   |       |     2 ||     2
 Armour: Leather armour    |    27 |    32 ||    59
  Dodge: Dodged            |    37 |    20 ||    57

Table legend: (Time is in decaauts)
 A = Elapsed time spent in this place.
 B = Non-inter-level travel time spent in this place.
 C = Inter-level travel time spent in this place.
 D = Time resting spent in this place.
 E = Time spent auto-exploring this place.
 F = Levels seen in this place.
 G = Mean time per level.
                   A        B        C        D        E       F      G
               +--------+--------+--------+--------+--------+-----+--------+
         Total |   3948 |   3797 |    151 |      0 |   3338 |   4 |  987.0 |
       Dungeon |   3948 |   3797 |    151 |      0 |   3338 |   4 |  987.0 |
               +--------+--------+--------+--------+--------+-----+--------+

Top non-repeatable levels by time:
     D:2: 1166 daAuts
     D:1: 1124 daAuts
     D:3: 847 daAuts
     D:4: 810 daAuts
